 Dungeon Crawl Stone Soup version 0.30.0-30-g96aa6591b8 (webtiles) character file.

Game seed: 1525911085308235419

85456 H0rd4k the Fighter (level 16, -1/134 HPs)
             Began as a Human Artificer on June 23, 2023.
             Was an Initiate of Gozag.
             Constricted to death by a shambling mangrove (22 damage)
             ... on level 2 of the Swamp on June 26, 2023.
             The game lasted 01:17:04 (33331 turns).

H0rd4k the Fighter (Human Artificer)               Turns: 33331, Time: 01:17:05

Health: -1/134     AC: 26    Str: 19    XL:     16   Next: 31%
Magic:  39/39      EV: 16    Int: 23    God:    Gozag
Gold:   1640       SH:  0    Dex: 23    Spells: 28/35 levels left

rFire   . . .        l - +7 staff of the Meek {protect, meekguard}
rCold   + + +        (shield currently unavailable)
rNeg    . . .        R - +2 robe of the Hanged Man {+Inv rElec Int+3}
rPois   +            j - +2 helmet of Immorality {Int+6}
rElec   +            O - scarf "Juadizot" {+Inv, Fly rC++ Str+2}
rCorr   .            i - +1 pair of gloves {Stlth+}
SInv    .            J - +2 pair of boots {Stlth+}
Will    ++...        Y - amulet of Duox {Acrobat Harm rPois Int-2 Dex+5}
Stlth   +++++++      f - ring of magical power
HPRegen 0.42/turn    S - ring "Xosihob" {Contam rC+ Will+ Dex+5 Stlth+}
MPRegen 0.26/turn

%: harm (+30% outgoing, +20% incoming), acrobat
@: mighty, about to teleport, grasped by roots, under a protective aura, flying,
constricted, studying Dodging
A: no striking features
a: Renounce Religion, Evoke Invisibility, Potion Petition, Call Merchant, Bribe
Branch


You were on level 2 of the Swamp.
You worshipped Gozag.
Gozag was most pleased with you.
You visited 5 branches of the dungeon, and saw 24 of its levels.
You also visited: Ossuary, Gauntlet and Volcano.

You collected 8015 gold pieces.
You spent 3287 gold pieces at shops.
You paid 3088 gold pieces to Gozag.

Inventory:

Hand Weapons
 h - the +27 heavy crossbow "Sniper" {heavy, Acc+∞ SInv}
   (You bought it in a shop on level 12 of the Dungeon)

   Acc+∞: It never misses its target.
   SInv:      It lets you see invisible.
 l - the +7 staff of the Meek (weapon) {protect, meekguard}
   (You found it on level 2 of the Dungeon)
 t - the +7 sling of Light {freeze, *Slow Fly rN+++ Dex+6}
   (You found it on level 4 of the Dungeon)

   Dex:       It affects your dexterity (+6).
   rN:        It renders you almost immune to negative energy.
   Fly:       It grants you flight.
   *Slow:     It may slow you when you take damage.
 Q - the +1 shortbow "Yfoedwof" {heavy, rElec rN+ Stlth+}
   (You found it on level 1 of the Lair of Beasts)

   rElec:     It insulates you from electricity.
   rN:        It protects you from negative energy.
   Stlth:     It makes you more stealthy.
Missiles
 C - 12 poisoned darts
 W - 6 curare-tipped darts
Armour
 i - a +1 pair of gloves of stealth (worn)
 j - the +2 helmet of Immorality (worn) {Int+6}
   (You bought it in a shop on level 8 of the Dungeon)

   Int:       It affects your intelligence (+6).
 J - a +2 pair of boots of stealth (worn)
 K - a +1 cloak of willpower
 L - a +2 cloak of poison resistance
 O - the scarf "Juadizot" (worn) {+Inv, Fly rC++ Str+2}
   (You bought it in a shop on level 8 of the Dungeon)

   Str:       It affects your strength (+2).
   rC:        It greatly protects you from cold.
   Fly:       It grants you flight.
 R - the +2 robe of the Hanged Man (worn) {+Inv rElec Int+3}
   (You found it in a volcano)

   Int:       It affects your intelligence (+3).
   rElec:     It insulates you from electricity.
   +Inv:      It lets you turn invisible.
Jewellery
 a - a ring of ice
 f - a ring of magical power (left hand)
 v - a ring of wizardry
 w - a ring of flight
 P - a ring of resist corrosion
 S - the ring "Xosihob" (right hand) {Contam rC+ Will+ Dex+5 Stlth+}
   (You acquired it on level 2 of the Lair of Beasts)

   [ring of protection from cold]

   Dex:       It affects your dexterity (+5).
   rC:        It protects you from cold.
   Contam:    It causes magical contamination when unequipped.
   Will:      It increases your willpower.
   Stlth:     It makes you more stealthy.
 Y - the amulet of Duox (around neck) {Acrobat Harm rPois Int-2 Dex+5}
   (You found it on level 3 of the Lair of Beasts)

   [amulet of the acrobat]

   It increases your evasion while moving and waiting.
   Int:       It affects your intelligence (-2).
   Dex:       It affects your dexterity (+5).
   rPois:     It protects you from poison.
   Harm:      It increases damage dealt and taken.
Wands
 c - a wand of flame (58) (quivered)
 d - a wand of charming (27)
 x - a wand of digging (4)
 y - a wand of mindburst (10)
 H - a wand of quicksilver (3)
 I - a wand of iceblast (9)
 U - a wand of polymorph (6)
Scrolls
 b - a scroll of fog
 e - 3 scrolls of poison
 g - 8 scrolls of identify
 q - 2 scrolls of enchant weapon
 u - 3 scrolls of amnesia
 T - a scroll of fear
 V - 3 scrolls of magic mapping
Potions
 k - a potion of resistance
 n - 16 potions of curing
 o - 5 potions of flight
 p - 5 potions of brilliance
 r - 3 potions of ambrosia
 z - a potion of attraction
 D - 2 potions of cancellation


   Skills:
 + Level 14.9 Fighting
 - Level 2.0(5.3) Maces & Flails
 + Level 7.9(8.1) Staves
 + Level 12.3 Ranged Weapons
 + Level 2.0 Armour
 + Level 9.3 Dodging
 + Level 5.8 Stealth
 - Level 2.1 Shields
 + Level 10.0 Spellcasting
 + Level 8.1 Hexes
 + Level 2.7 Translocations
 + Level 5.1 Earth Magic
 + Level 5.3 Evocations


You had 28 spell levels left.
You knew the following spells:

 Your Spells              Type           Power      Damage    Failure   Level
a - Portal Projectile     Hex/Tloc       72%        N/A       1%          3
b - Leda's Liquefaction   Hex/Erth       21%        N/A       3%          4

Your spell library contained the following spells:

 Spells                   Type           Power      Damage    Failure   Level
 Apportation              Tloc           46%        N/A       1%          1
 Necrotise                Necr           44%        1d6       5%          1
 Summon Small Mammal      Summ           44%        N/A       5%          1
 Cigotuvi's Dreadful Rot  Necr/Pois/Air  22%        N/A       9%          2
 Call Canine Familiar     Summ           11%        N/A       17%         3
 Ignite Poison            Fire/Tmut/Pois 11%        N/A       17%         3
 Yara's Violent Unravell  Hex/Tmut       15%        3d8       28%         5
 Borgnjor's Vile Clutch   Necr/Erth      11%        N/A       47%         5
 Alistair's Intoxication  Tmut/Pois      7%         N/A       83%         5
 Freezing Cloud           Conj/Ice/Air   5%         6-21      83%         5
 Eringya's Noxious Bog    Tmut/Pois      5%         N/A       100%        6
 Plasma Beam              Fire/Air       5%         2x1d17    100%        6


Dungeon Overview and Level Annotations

Branches:
Dungeon (14/15)            Temple (1/1) D:4            Lair (5/5) D:8
  Swamp (2/4) Lair:2        Snake (0/4) Lair:3        Slime (0/5) Lair:4
    Orc (2/2) D:12            Elf (0/3) Orc:2        Vaults (0/5) D:14
Ossuary (visited)         Volcano (visited)         Gauntlet (visited)

Altars:
Ashenzari
Cheibriados
Dithmenos
Elyvilon
Fedhas
Gozag
Hepliaklqana
Kikubaaqudgha
Makhleb
Okawaru
Ru
Sif Muna
Trog
Uskayaw
Vehumet
Wu Jian
Xom
Yredelemnul
Zin
The Shining One
Lugonu

Shops:
D:7 *   D:8 [[[   D:12 ([[(   Orc:1 *   Orc:2 (*[=

Portals:
Abyss: Lair:5

Annotations:
D:7 exclusion: 2 downstairs
D:10 exclusion: downstairs
D:11 exclusion: downstairs
D:12 exclusion: downstairs
D:13 exclusion: downstairs
D:14 Rupert; Urug
Lair:1 exclusion: downstairs
Lair:2 exclusion: downstairs, Wuvuatt's ghost, journeyman MiBe
Lair:4 exclusions: downstairs and upstairs
Orc:1 3 runed translucent doors, exclusions: 3 doors and 2 downstairs, 00zero00's ghost, journeyman HOFi


Message History

Unknown command.
You feel very mighty all of a sudden.
Roots burst forth from the earth!
The grasping roots grab you! The grasping roots constrict you.
The +7 staff of the Meek {protect, meekguard} hums with potential!
l - the +7 staff of the Meek (weapon)
{protect, meekguard} You thump the shambling mangrove!
Your weapon exudes an aura of protection.
The shambling mangrove is lightly damaged.
The shambling mangrove completely misses you.
The grasping roots constrict you!!
* * * LOW HITPOINT WARNING * * *
You hit the shambling mangrove.
The shambling mangrove is lightly damaged.
The shambling mangrove hits you!!
* * * LOW HITPOINT WARNING * * *
The grasping roots constrict you.
Unknown command.
Okay, then.
You feel much better. The shambling mangrove hits you.
* * * LOW HITPOINT WARNING * * *
The grasping roots constrict you.
You can't see any enemies this would affect, really read the scroll of fear?
Okay, then.
Unknown command.
Okay, then.
As you read the scroll of teleportation, it crumbles to dust.
You feel strangely unstable.
Unknown command.
You feel much better.
The shambling mangrove closely misses you.
The grasping roots constrict you!
* * * LOW HITPOINT WARNING * * *
The roots grasp on you weakens, but your attempt to escape fails.
The shambling mangrove hits you!
* * * LOW HITPOINT WARNING * * *
The grasping roots constrict you!!
You die...
Your body crumbles into a pile of gold.

~.~~.~~♣ ~~..~~.♣ .
..>....♣ ♣♣.. ....~~~♣
.$.♣
~~.♣♣♣~#♣♣♣♣♣#♣♣♣#♣♣~~.♣♣
~~~~ ♣~~~~.§~~..§~§$~~~~~
~~~. ♣♣♣♣♣♣♣.~......§~...
~~~~♣ ♣♣~.~..~$.....§.
~~..♣ ♣.~.~....@f.~~..§♣
~<. ♣.~~~~.....♣♣♣♣§..
~.....♣~...~♣ ..
♣♣...~♣♣♣♣♣♣.. ♣♣♣♣♣ ♣.♣
♣♣


You could see a shambling mangrove.

Vanquished Creatures
  The ghost of H0rd4k the Warrior, an adept HuAr of Gozag (Lair:3)
  An orc warlord (Orc:2)
  A minotaur (Gauntlet)
  A bunyip (Swamp:1)
  Snorg (Orc:2)
  A red draconian (Volcano)
  Josephine (D:10)
  Fannar (D:12)
  An ogre mage (Volcano)
  A ghost crab (Swamp:2)
  6 hydras
  An anaconda (shapeshifter) (Lair:5)
  A boulder beetle (D:11)
  Erica (Lair:1)
  2 alligators (Swamp:2)
  4 centaur warriors
  4 death yaks
  3 two-headed ogres
  3 thrashing horrors (Lair:5)
  3 orc high priests
  2 skysharks (Lair:5)
  3 swamp dragons
  4 skeletal warriors (D:13)
  2 goliath frogs
  A spriggan druid (Swamp:1)
  2 bog bodies
  4 orc knights
  A salamander (Lair:3)
  4 ugly things
  3 manticores
  3 orc sorcerers (Orc:2)
  3 cyclopes
  Maurice (D:13)
  4 black mambas
  Joseph (D:7)
  2 molten gargoyles (Volcano)
  A smoke demon (Lair:5)
  2 rime drakes
  11 cane toads
  4 gargoyles
  8 komodo dragons
  A yaktaur (shapeshifter) (Lair:5)
  2 ancient zymes (Lair:5)
  5 trolls
  3 tyrant leeches
  2 polar bears
  Grinder (D:5)
  A hornet (Swamp:2)
  3 dream sheep
  A raiju (Gauntlet)
  23 blink frogs
  4 shadows
  4 slime creatures
  2 spriggans
  55 yaks
  3 ynoxinuls (Lair:5)
  Sigmund (D:2)
  A human (D:13)
  8 wraiths
  4 wyverns
  Eustachio (D:4)
  8 basilisks
  6 vampire mosquitoes
  2 large abominations (Lair:5)
  Grum (D:11)
  2 fire bats (Volcano)
  4 steam dragons
  A chaos spawn (Lair:5)
  6 swamp worms (Swamp:1)
  A warg (Orc:2)
  A hell hound (Gauntlet)
  16 water moccasins
  An acid dragon (D:13)
  31 orc warriors
  2 swamp drakes
  An ice beast (D:7)
  9 ogres
  14 centaurs
  10 wolves
  4 black bears
  An elf zombie (Ossuary)
  2 kobold brigands
  14 bullfrogs
  5 scorpions
  3 wights (D:9)
  9 killer bees
  3 electric eels
  6 howler monkeys
  9 lava snakes
  A centaur zombie (Ossuary)
  2 hounds (D:6)
  Crazy Yiuf (D:2)
  5 orc priests
  13 jellies
  6 small abominations (Lair:5)
  Jessica (D:2)
  5 iguanas
  6 orc wizards
  2 mummies (Ossuary)
  4 gnolls (D:7)
  6 adders
  A shadow imp (D:7)
  3 white imps
  2 ufetubi (D:5)
  5 worms
  2 dart slugs
  36 orcs
  14 endoplasms
  2 giant cockroaches (D:1)
  11 goblins
  4 hobgoblins
  6 quokkas
  8 ball pythons
  11 bats
  2 frilled lizards
  4 gnoll zombies (Ossuary)
  2 goblin zombies (Ossuary)
  4 hobgoblin zombies (Ossuary)
  14 kobolds
  2 orc zombies (Ossuary)
  2 quokka zombies (D:5)
  3 rats (D:1)
591 creatures vanquished.

Vanquished Creatures (collateral kills)
  A two-headed ogre (Volcano)
  A komodo dragon (Lair:5)
  2 yaks (Lair:5)
  A water moccasin (Lair:4)
  3 centaurs (D:11)
8 creatures vanquished.

Vanquished Creatures (others)
  A two-headed ogre (Volcano)
  A rime drake (Lair:4)
2 creatures vanquished.

Grand Total: 601 creatures vanquished

Notes
Turn   | Place    | Note
-------+----------+-------------------------------------------
     0 | D:1      | H0rd4k the Human Artificer began the quest for the Orb.
     0 | D:1      | Reached XP level 1. HP: 15/15 MP: 1/1
   175 | D:1      | Reached XP level 2. HP: 5/21 MP: 2/2
   615 | D:1      | Reached XP level 3. HP: 26/26 MP: 3/3
   771 | D:1      | Reached skill level 1 in Maces & Flails
  1250 | D:2      | Found the +7 staff of the Meek {protect, meekguard}
  1269 | D:2      | Noticed Jessica
  1491 | D:2      | Reached XP level 4. HP: 21/32 MP: 4/4
  1840 | D:2      | Found a runed translucent door.
  1841 | D:2      | Noticed Crazy Yiuf
  1988 | D:2      | Killed Jessica
  2077 | D:2      | Reached XP level 5. HP: 35/38 MP: 5/5
  2152 | D:2      | Noticed Sigmund
  2187 | D:2      | Killed Sigmund
  2188 | D:2      | Reached skill level 2 in Fighting
  2188 | D:2      | Reached XP level 6. HP: 26/45 MP: 6/6
  2505 | D:2      | Killed Crazy Yiuf
  2588 | D:3      | Found an ornate altar of the Wu Jian Council.
  2860 | D:3      | Identified the +5 dagger "Zeiwe" {elec, rPois Str+2 Dex+3}
  2986 | D:3      | Found an ancient bone altar of Kikubaaqudgha.
  3434 | D:4      | Found a staircase to the Ecumenical Temple.
  3440 | D:4      | Identified the +7 sling of Light {freeze, *Slow Fly rN+++
                  | Dex+6}
  3449 | Temple   | Entered the Ecumenical Temple
  3539 | Temple   | Became a worshipper of Gozag Ym Sagoz the Greedy
  3701 | D:4      | Found a broken altar of Ashenzari.
  3701 | D:4      | Noticed Eustachio
  3757 | D:4      | Noticed an ogre
  3760 | D:4      | Found a white marble altar of Elyvilon.
  3763 | D:4      | Killed an ogre
  3764 | D:4      | Reached XP level 7. HP: 51/51 MP: 7/7
  4026 | D:4      | Killed Eustachio
  4027 | D:4      | Reached skill level 3 in Fighting
  4027 | D:4      | Reached skill level 1 in Ranged Weapons
  4177 | D:5      | Entered Level 5 of the Dungeon
  4326 | D:5      | Noticed Grinder
  4330 | D:5      | Found a sand-covered staircase.
  4338 | Ossuary  | Entered an ossuary
  4375 | Ossuary  | Reached XP level 8. HP: 58/58 MP: 8/8
  4563 | D:5      | Killed Grinder
  4704 | D:5      | Found a glowing golden altar of the Shining One.
  4864 | D:5      | Reached skill level 1 in Shields
  5305 | D:6      | Reached skill level 5 in Ranged Weapons
  5385 | D:6      | Noticed a cyclops
  5390 | D:6      | Killed a cyclops
  5391 | D:6      | Reached skill level 4 in Fighting
  5391 | D:6      | Reached XP level 9. HP: 65/65 MP: 9/9
  5417 | D:6      | Found a sacrificial altar of Ru.
  6573 | D:7      | Found Suyllo's Gadget Gallery.
  6723 | D:7      | Noticed Joseph
  6731 | D:7      | Killed Joseph
  6732 | D:7      | Reached skill level 5 in Fighting
  7215 | D:7      | Found a blossoming altar of Fedhas.
  7218 | D:7      | Found a hide-covered altar of Uskayaw.
  7426 | D:7      | Reached XP level 10. HP: 74/74 MP: 10/10
  7641 | D:7      | Learned a level 3 spell: Portal Projectile
  7696 | D:8      | Noticed a komodo dragon
  7730 | D:8      | Reached skill level 1 in Hexes
  7735 | D:8      | Found a staircase to the Lair.
  7740 | D:8      | Reached skill level 1 in Spellcasting
  7785 | D:8      | Noticed a komodo dragon
  7802 | D:8      | Killed a komodo dragon
  7834 | D:8      | Killed a komodo dragon
  7835 | D:8      | Reached skill level 10 in Ranged Weapons
  8495 | D:8      | Found Qezaeph's Antique Armour Boutique.
  8500 | D:8      | Bought a pair of embroidered boots for 225 gold pieces
  8500 | D:8      | Bought an embroidered cloak for 225 gold pieces
  8500 | D:8      | Bought a runed cloak for 225 gold pieces
  8668 | D:8      | Reached skill level 6 in Fighting
  8853 | D:9      | Reached XP level 11. HP: 52/83 MP: 15/15
  8999 | D:9      | Learned a level 4 spell: Leda's Liquefaction
  9021 | D:9      | Found a bloodstained altar of Trog.
  9243 | D:9      | Reached skill level 7 in Fighting
  9243 | D:9      | Reached skill level 1 in Earth Magic
  9889 | D:10     | Entered Level 10 of the Dungeon
 10260 | D:10     | Noticed Josephine
 10276 | D:10     | Killed Josephine
 10277 | D:10     | Reached skill level 8 in Fighting
 10363 | D:10     | Found a radiant altar of Vehumet.
 10499 | D:10     | Reached skill level 5 in Hexes
 11364 | D:11     | Noticed a centaur warrior
 11373 | D:11     | Noticed a cyclops
 11428 | D:11     | Found a gate leading to a gauntlet.
 11440 | Gauntlet | Entered a Gauntlet
 11440 | Gauntlet | Found a transporter.
 11480 | Gauntlet | Found a transporter.
 11491 | Gauntlet | Found a transporter.
 11493 | Gauntlet | Noticed an elephant
 11493 | Gauntlet | Noticed a dire elephant
 11496 | Gauntlet | Found a transporter.
 11500 | Gauntlet | Noticed a reaper
 11515 | Gauntlet | Found a transporter.
 11533 | Gauntlet | Found a transporter.
 11537 | Gauntlet | Noticed an elephant
 11539 | Gauntlet | Noticed an elephant
 11545 | Gauntlet | Found a transporter.
 11555 | Gauntlet | Found the macabre finger necklace {Finger+ rN+}
 11557 | Gauntlet | Found a transporter.
 11560 | Gauntlet | Noticed a hell beast
 11566 | Gauntlet | Found a transporter.
 11566 | Gauntlet | Noticed a sixfirhy
 11568 | Gauntlet | Noticed a sixfirhy
 11568 | Gauntlet | Noticed a sixfirhy
 11574 | Gauntlet | Noticed a sixfirhy
 11581 | Gauntlet | Found a transporter.
 11581 | Gauntlet | Noticed a hell beast
 11598 | Gauntlet | Found a transporter.
 11618 | Gauntlet | Found a transporter.
 11618 | Gauntlet | Found a transporter.
 11638 | Gauntlet | Found a transporter.
 11735 | Gauntlet | Found a transporter.
 11760 | Gauntlet | Found a transporter.
 11762 | Gauntlet | Found a transporter.
 11782 | Gauntlet | Found a transporter.
 12018 | Gauntlet | Reached XP level 12. HP: 87/94 MP: 19/19
 12023 | Gauntlet | Reached skill level 9 in Fighting
 12200 | Gauntlet | Identified the +2 helmet "Suizaive" {rF+ Int+2}
 12236 | Gauntlet | Reached skill level 5 in Spellcasting
 12437 | Gauntlet | Noticed a minotaur
 12457 | Gauntlet | Killed a minotaur
 12458 | Gauntlet | Reached skill level 5 in Dodging
 12898 | D:11     | Noticed a boulder beetle
 12930 | D:11     | Killed a boulder beetle
 13147 | D:11     | Killed a centaur warrior
 13232 | D:11     | Noticed Grum
 13342 | D:11     | Killed Grum
 13545 | D:11     | Reached skill level 5 in Staves
 13905 | Lair:1   | Entered Level 1 of the Lair of Beasts
 13911 | D:8      | Bought the scarf "Juadizot" {+Inv, Fly rC++ Str+2} for 571
                  | gold pieces
 14397 | Lair:1   | Noticed Erica
 14431 | Lair:1   | Killed Erica
 14432 | Lair:1   | Reached skill level 5 in Stealth
 15069 | Lair:1   | Identified the +1 shortbow "Yfoedwof" {heavy, rElec rN+
                  | Stlth+}
 15417 | Lair:1   | Reached skill level 10 in Fighting
 16211 | Lair:2   | Found a staircase to the Swamp.
 16212 | Lair:2   | Noticed a four-headed hydra
 16215 | Lair:2   | Noticed Wuvuatt's ghost (journeyman MiBe)
 16227 | Lair:2   | Noticed a seven-headed hydra
 16235 | Lair:2   | Found a transporter.
 16271 | Lair:2   | Found a dark tunnel.
 16278 | Volcano  | Entered a volcano
 16347 | Volcano  | Reached XP level 13. HP: 98/103 MP: 22/22
 16598 | Volcano  | Found a radiant altar of Vehumet.
 16598 | Volcano  | Noticed an ogre mage
 16620 | Volcano  | Paralysed by something for 2 turns
 16629 | Volcano  | Killed an ogre mage
 16735 | Volcano  | Noticed a red draconian
 16778 | Volcano  | Killed a red draconian
 17340 | Volcano  | Identified the +2 robe of the Hanged Man {+Inv rElec Int+3}
 17481 | Lair:2   | Reached skill level 11 in Fighting
 17758 | Lair:3   | You are sucked into a shaft and drop 1 floor!
 18455 | Lair:2   | Found a burning altar of Makhleb.
 18519 | Lair:2   | Killed a four-headed hydra
 18699 | Lair:2   | Killed a seven-headed hydra
 18844 | Lair:2   | Reached skill level 1 in Translocations
 19402 | Lair:2   | Found a transporter.
 19661 | Lair:2   | Identified a scroll of acquirement
 19666 | Lair:2   | Acquired the ring "Xosihob" {Contam rC+ Will+ Dex+5 Stlth+}
 19958 | Lair:3   | Found a runed translucent door.
 19962 | Lair:3   | Noticed H0rd4k's ghost (adept HuAr)
 20114 | Lair:3   | Reached skill level 12 in Fighting
 20429 | Lair:3   | Reached XP level 14. HP: 103/115 MP: 25/25
 20813 | Lair:3   | Found a staircase to the Snake Pit.
 21637 | Lair:3   | Got the Compendium of Alluring Ashes
 21639 | Lair:3   | Identified the amulet of Duox {Acrobat Harm rPois Int-2
                  | Dex+5}
 22072 | Lair:4   | Found a staircase to the Slime Pits.
 22153 | Lair:4   | Upgraded the game from 0.30.0-29-ga12c61a403 to
                  | 0.30.0-30-g96aa6591b8
 22167 | Lair:5   | Entered Level 5 of the Lair of Beasts
 23123 | D:8      | Bought a pair of runed gloves for 255 gold pieces
 23123 | D:8      | Bought a jewelled helmet for 323 gold pieces
 23123 | D:8      | Identified the +2 helmet of Immorality {Int+6} (You bought
                  | it in a shop on level 8 of the Dungeon)
 23312 | Lair:3   | Reached skill level 13 in Fighting
 23695 | Lair:3   | Killed H0rd4k's ghost
 23936 | Lair:4   | Reached skill level 5 in Evocations
 24988 | Lair:5   | Identified the +2 scimitar "Yfig" {antimagic, rN++ Dex+6
                  | Stlth+}
 25129 | Lair:5   | Reached XP level 15. HP: 65/125 MP: 28/28
 25590 | Lair:5   | Reached skill level 14 in Fighting
 25696 | Lair:5   | Found a corrupted altar of Lugonu.
 25696 | Lair:5   | Found a one-way gate to the infinite horrors of the Abyss.
 27200 | D:12     | Noticed Fannar
 27211 | D:12     | Killed Fannar
 27422 | D:12     | Found Jiocveapp's Armour Shop.
 27422 | D:12     | Found a staircase to the Orcish Mines.
 27424 | D:12     | Found Vofes's Weapon Shop.
 27438 | D:12     | Bought the +27 heavy crossbow "Sniper" {heavy, Acc+∞ SInv}
                  | for 1120 gold pieces
 27438 | D:12     | Found the +27 heavy crossbow "Sniper" {heavy, Acc+∞ SInv}
 27581 | Orc:1    | Entered Level 1 of the Orcish Mines
 27584 | Orc:1    | Found a runed translucent gate.
 27584 | Orc:1    | Found a runed translucent gate.
 27606 | Orc:1    | Reached skill level 5 in Earth Magic
 27737 | Orc:1    | Found a runed translucent gate.
 27739 | Orc:1    | Found an opulent altar of Gozag.
 27815 | Orc:1    | Found Owuulym's Assorted Antiques.
 27816 | Orc:1    | Noticed 00zero00's ghost (journeyman HOFi)
 28146 | Orc:2    | Entered Level 2 of the Orcish Mines
 28576 | Orc:2    | Noticed an orc warlord
 28792 | Orc:2    | Found Vymaal Kere's Antique Weapon Emporium.
 28834 | Orc:2    | Found a staircase to the Elven Halls.
 28887 | Orc:2    | Found Inel's Jewellery Shoppe.
 28934 | Orc:2    | Noticed Snorg
 29347 | Orc:2    | Found Juroyl's Antique Armour Shop.
 29438 | Orc:2    | Killed an orc warlord
 29791 | Orc:2    | Found Meg Nokh's General Store.
 29810 | Orc:2    | Bought a scroll of blinking for 120 gold pieces
 29852 | Orc:2    | Killed Snorg
 30213 | D:12     | Bought an embroidered cloak for 127 gold pieces
 30213 | D:12     | Bought an ancient robe for 96 gold pieces
 30213 | D:12     | Identified the +1 robe of Noughts and Crosses {Rampage
                  | Str+7 Dex-3} (You bought it in a shop on level 12 of the
                  | Dungeon)
 30385 | D:13     | Noticed Maurice
 30394 | D:13     | Killed Maurice
 31947 | D:14     | Noticed Rupert
 31947 | D:14     | Noticed Urug
 31947 | D:14     | Found a gate to the Vaults.
 32480 | Swamp:1  | Entered Level 1 of the Swamp
 32491 | Swamp:1  | Reached XP level 16. HP: 134/134 MP: 29/29
 33195 | Swamp:2  | Identified the quicksilver dragon scales of the Merchant
                  | {*Corrode Will+ Dex+4}
 33257 | Swamp:2  | Reached skill level 10 in Spellcasting
 33327 | Swamp:2  | HP: 5/134 [shambling mangrove (31)]
 33331 | Swamp:2  | Constricted to death by a shambling mangrove

Illustrated notes

Levels and vault maps discovered:
D:1:      lemuel_arrival_behind_the_door_large, layout_basic, minmay_3d_cube
D:2:      layout_loops_ring, serial_bayou, serial_bayou_shore_b,
          serial_bayou_shore_a, serial_bayou_pond_c, serial_bayou_pond_d,
          supply_closet_lemuel, uniq_crazy_yiuf_cottage, uniq_jessica,
          uniq_sigmund
D:3:      layout_basic, old_standard_altar,
          mainiacjoe_overflow_concentric_impassable, minmay_tree_intersection,
          minmay_misc_feat_iff, hangedman_decor_slide_cut, serial_bayou_pond_e,
          st_stairs_12
D:4:      layout_basic, cheibrodos_ashenzari_chains,
          nicolae_elyvilon_temple_path, minmay_temple_entry_sparse_star,
          uniq_eustachio
D:5:      layout_loops_ring, kennysheep_mini, enter_ossuary_4,
          nicolae_eternal_life, uniq_grinder
D:6:      layout_gridville, hangedman_ru_absence, chequers_decorated_corner,
          glass_columns_a, abandoned_shop, kennysheep_generic_room_4
D:7:      layout_basic, nicolae_overflow_squiral, nicolae_shop_gadgets,
          uniq_joseph
D:8:      layout_basic, due_lair_maze_entry_diamond, serial_shops,
          nicolae_shop_just_a_little_nook
D:9:      layout_stronghold, mainiacjoe_overflow_boulevard, enter_bailey_2
D:10:     layout_irregular_city, nicolae_vehumet_altar_sigil, uniq_josephine
D:11:     layout_loops_ring, gauntlet_entry_generic, uniq_grum
D:12:     layout_cave_pools, orc_david_3, uniq_fannar
D:13:     layout_loops_cross, nicolae_two_hexagons, kennysheep_generic_room_10,
          uniq_maurice
D:14:     layout_cross, david_vaults_3, uniq_azrael
Temple:   hellmonk_temple_flake
Lair:1:   layout_cave_pods, uniq_erica
Lair:2:   layout_regular_city, minmay_swamp_entry_reptiles,
          nicolae_volcano_entry_lava_flow, gammafunk_ghost_arena, basic_altar,
          dreamdust_mushroom_princess
Lair:3:   lemuel_slime, layout_cave_pods, nicolae_snake_entry_warm_welcome,
          ebering_ghost_inner_flame
Lair:4:   layout_roguey, slime_entry_1, serial_bayou, serial_bayou_pond_d,
          serial_bayou_pond_e, serial_bayou_pond_e, serial_bayou_pond_a,
          serial_bayou_pond_e, infiniplex_staircase_pool, serial_bayou_shore_b
Lair:5:   hellmonk_lair_end_abyssal_woods, layout_hall_layers
Swamp:1:  layout_basic_swamp, hangedman_swamp_ruin_wall
Swamp:2:  nzn_winding_woodlands_medium [nzn_winding_woodlands_hourglass,
          nzn_winding_woodlands_5x15_zeroes,
          nzn_winding_woodlands_5x5_closed_star,
          nzn_winding_woodlands_5x5_open_star,
          nzn_winding_woodlands_center_diamonds,
          nzn_winding_woodlands_5x5_checkerboard,
          nzn_winding_woodlands_5x5_cross, nzn_winding_woodlands_5x15_parted,
          nzn_winding_woodlands_5x5_default], layout_basic_swamp,
          evilmike_swamp_ruin_rubble_1
Orc:1:    layout_diamond_mine, ebering_ghost_gozag
Orc:2:    grunt_orc_gardens, layout_caves, grunt_orc_garden, grunt_orc_garden,
          grunt_orc_garden, grunt_orc_garden, basic_altar, uniq_snorg

Skill      XL: |  1  2  3  4  5  6  7  8  9 10 11 12 13 14 15 16 |
---------------+-------------------------------------------------+-----
Maces & Flails | 1 2 |  2.0
Dodging        | 2 3 4 5 7 8 9 |  9.3
Stealth        | 2 3 4 5 |  5.8
Fighting       | 2 3 4 5 6 8 10 12 13 14 | 14.9
Staves         | 2 3 6 7 |  7.9
Ranged Weapons | 2 6 8 10 11 12 | 12.3
Shields        | 1 2 |  2.1
Evocations     | 4 5 |  5.3
Hexes          | 3 5 6 7 8 |  8.1
Spellcasting   | 3 4 6 7 9 10 | 10.0
Earth Magic    | 3 4 5 |  5.1
Translocations | 1 2 |  2.7
Armour         | |  2.0

Action                     |  1- 3 |  4- 6 |  7- 9 | 10-12 | 13-15 | 16-18 || total
---------------------------+-------+-------+-------+-------+-------+-------++-------
  Melee: Club              |   152 |       |       |       |       |       ||   152
         Punch             |     4 |       |       |       |       |       ||     4
         Quarterstaff      |    17 |    79 |       |   115 |    70 |     2 ||   283
         Unarmed           |       |     1 |       |       |       |       ||     1
   Fire: Sling             |       |    13 |   190 |   569 |  1490 |       ||  2262
         Heavy crossbow    |       |       |       |       |    10 |    39 ||    49
   Cast: Portal Projectile |       |       |       |       |    33 |    14 ||    47
         Leda's Liquefacti |       |       |       |       |    41 |       ||    41
 Invoke: Call Merchant     |       |       |       |     1 |     3 |       ||     4
  Evoke: Wand              |     4 |     2 |     3 |    17 |    26 |     1 ||    53
    Use: Scroll            |       |       |       |    20 |    13 |     3 ||    36
         Potion            |       |       |       |    12 |     9 |     3 ||    24
   Stab: Sleeping          |     6 |     3 |       |       |       |       ||     9
 Armour: Leather armour    |    64 |    51 |    12 |    86 |     8 |       ||   221
         Robe              |       |       |       |       |   122 |     6 ||   128
  Dodge: Dodged            |   114 |    73 |    35 |   199 |   556 |    17 ||   994
  Block: Other             |       |     1 |    11 |    78 |    28 |       ||   118
         Reflection        |       |       |       |     4 |       |       ||     4
